 Dungeon Crawl Stone Soup version 0.28-a0-706-gf6f64a616a (webtiles) character file.

Game seed: 7640535672451458826

22 oldriver the Magician (level 2, -2/19 HPs)
             Began as a Demonspawn Fire Elementalist on Oct 25, 2021.
             Slain by Robin (4 damage)
             ... on level 1 of the Dungeon.
             The game lasted 00:01:58 (2602 turns).

oldriver the Magician (DsFE)                        Turns: 2602, Time: 00:01:59

Health: -2/19      AC:  3    Str:  8    XL:     2   Next: 68%
Magic:  1/6        EV: 12    Int: 16    God:
Gold:   44         SH:  0    Dex: 13    Spells: 6/7 levels left

rFire   . . .      SeeInvis .   (no weapon)
rCold   . . .      Faith    .   (no shield)
rNeg    . . .      Spirit   .   a - +0 robe
rPois   .          Reflect  .   (no helmet)
rElec   .          Harm     .   g - +0 cloak
rCorr   .          Rampage  .   (no gloves)
Will    .....                   (no boots)
Stlth   ++........              (no amulet)
HPRegen 0.06/turn               (no ring)
MPRegen 0.10/turn               (no ring)

@: flying
A: ignite blood 1
a: no special abilities


You were on level 1 of the Dungeon.
You visited 1 branch of the dungeon, and saw 2 of its levels.

You collected 44 gold pieces.

Inventory:

Hand Weapons
 h - a +0 short sword
Armour
 a - a +0 robe (worn)
 g - a +0 cloak (worn)
Scrolls
 b - 5 scrolls of identify {unknown}
 c - a scroll of silence {unknown}
 d - a scroll of torment {unknown}
 f - 2 scrolls of fog {unknown}


   Skills:
 - Level 1.7 Dodging
 - Level 1.7 Stealth
 * Level 3.1 Spellcasting
 - Level 1.0 Conjurations
 - Level 2.6 Fire Magic


You had 6 spell levels left.
You knew the following spells:

 Your Spells              Type           Power      Damage    Failure   Level
a - Foxfire               Conj/Fire      32%        2x1d5     9%          1

Your spell library contained the following spells:

 Spells                   Type           Power      Damage    Failure   Level
 Scorch                   Fire           22%        2d6       10%         2
 Conjure Flame            Conj/Fire      8%         6-21      26%         3
 Inner Flame              Hex/Fire       6%         N/A       32%         3
 Flame Wave               Conj/Fire      8%         3d4       65%         4


Dungeon Overview and Level Annotations

Branches:
Dungeon (2/15)

Altars:

Annotations:
D:1 Robin


Innate Abilities, Weirdness & Mutations

Your demonic aura sometimes causes spilled blood to erupt in flames.


Message History

Really attack while wielding nothing? [Y]es or [N]o only, please.
Really attack while wielding nothing? [Y]es or [N]o only, please.
Really attack while wielding nothing?
Okay, then.
It was a potion of flight.
You feel very buoyant.
You fly up into the air.
The goblin closely misses you. Robin throws the goblin at you!
Robin hits you with a +0 mace.
Really attack while wielding nothing? [Y]es or [N]o only, please.
Really attack while wielding nothing? [Y]es or [N]o only, please.
Really attack while wielding nothing? [Y]es or [N]o only, please.
Really attack while wielding nothing?
You hit Robin but do no damage.
Robin is lightly wounded.
Robin hits you but does no damage. The goblin completely misses you.
Robin closely misses you.
You closely miss Robin.
Robin is lightly wounded.
Robin misses you. The goblin completely misses you.
You completely miss Robin.
Robin is lightly wounded.
Robin hits you but does no damage. The goblin hits you with a +0 dagger.
Robin hits you with a +0 mace.
* * * LOW HITPOINT WARNING * * *
You hit Robin but do no damage.
Robin is lightly wounded.
Robin hits you with a +0 mace.
* * * LOW HITPOINT WARNING * * *
The goblin barely misses you.
Your magical contamination has completely faded away.
You hit Robin.
Robin is lightly wounded.
Robin hits you with a +0 mace.
You die...

### ### #.# ##.# #.#
#..# #.# #..# ######
#g# ####..###.....
#@###.............
#g##..............
#.##..........#...
#...g.............
#..#..#.......#...
#.................
######.............#...
#......................
##.###.##..............


You could see Robin (fast) and a goblin (strong).

Vanquished Creatures
  A dart slug (D:1)
  2 bats (D:1)
  2 endoplasms (D:1)
  3 goblins
  4 hobgoblins
  A frilled lizard (D:2)
  A kobold (D:1)
  5 rats (D:1)
19 creatures vanquished.

Vanquished Creatures (collateral kills)
  8 foxfires (D:1)
8 creatures vanquished.

Vanquished Creatures (others)
  72 foxfires
  A plant (D:1)
73 creatures vanquished.

Grand Total: 100 creatures vanquished

Notes
Turn   | Place    | Note
-------+----------+-------------------------------------------
     0 | D:1      | oldriver the Demonspawn Fire Elementalist began the quest
                  | for the Orb.
     0 | D:1      | Reached XP level 1. HP: 13/13 MP: 3/3
  1179 | D:1      | Gained mutation: Your demonic aura sometimes causes spilled
                  | blood to erupt in flames. [demonic ancestry]
  1179 | D:1      | Reached XP level 2. HP: 19/19 MP: 0/5
  1953 | D:1      | Found a faded altar of an unknown god.
  1999 | D:1      | Reached skill level 3 in Spellcasting
  2584 | D:2      | Noticed Robin
  2602 | D:1      | Slain by Robin

Illustrated notes

Levels and vault maps discovered:
D:1:      onia_arrival_pyramid, layout_basic,
          hellmonk_ecumenical_altar_heavens_door, serial_forest,
          infiniplex_forest_clump_tiny, infiniplex_forest_lined_3,
          infiniplex_forest_split, infiniplex_forest_side_room,
          infiniplex_forest_clump_cross, infiniplex_forest_clump_medium,
          infiniplex_forest_clump_curved
D:2:      layout_loops_ring, st_stairs_8, uniq_natasha, uniq_robin,
          uniq_crazy_yiuf_cottage

Skill      XL: |  1  2 |
---------------+-------+-----
Spellcasting   | 3 |  3.1
Dodging        | |  1.7
Stealth        | |  1.7
Conjurations   | |  1.0
Fire Magic     | |  2.6

Action                   || total
-------------------------++-------
Melee: Unarmed           ||    26
 Cast: Foxfire           ||    51
  Use: Potion            ||     1
Armor: Robe              ||    16
Dodge: Dodged            ||    28

Table legend: (Time is in decaauts)
 A = Elapsed time spent in this place.
 B = Non-inter-level travel time spent in this place.
 C = Inter-level travel time spent in this place.
 D = Time resting spent in this place.
 E = Time spent auto-exploring this place.
 F = Levels seen in this place.
 G = Mean time per level.
                   A        B        C        D        E       F      G
               +--------+--------+--------+--------+--------+-----+--------+
         Total |   2602 |   2602 |      0 |   1340 |   1044 |   2 | 1301.0 |
       Dungeon |   2602 |   2602 |      0 |   1340 |   1044 |   2 | 1301.0 |
               +--------+--------+--------+--------+--------+-----+--------+

Top non-repeatable levels by time:
     D:1: 2590 daAuts
     D:2: 11 daAuts
